[Event "Live Chess"]
[Site "Chess.com"]
[Date "2024.06.02"]
[Round "-"]
[White "dhairyapandyauk"]
[Black "Kyrylo7770"]
[Result "1-0"]
[WhiteElo "1642"]
[BlackElo "1646"]
[TimeControl "300"]
[EndTime "4:39:38 PDT"]
[Termination "dhairyapandyauk won by resignation"]

1. e4 c6 2. d4 d5 3. exd5 cxd5 4. Bf4 Nf6 5. Nc3 Bg4 6. Be2 h5 7. h3 Bxe2 8. Ngxe2 e6 9. Qd3 Bd6 10. Bxd6 Qxd6 11.
Ng3 Nc6 12. Nce2 Qb4+ 13. Qc3 Qb6 14. Qb3 Qc7 15. c3 h4 16. Nf1 Ne4 17. Ne3 Rb8 18. a4 O-O 19. O-O Na5 20. Qc2 f5 21. f3 Ng3 22.
Nxg3 Qxg3 23. Qf2 Qg5 24. f4 Qf6 25. Rfe1 g6 26. Qe2 Rfe8 27. Nf1 Nc4 28. Nh2 Kf7 29.
Nf3 Rh8 30. Ng5+ Ke7 31. Qxe6+ Qxe6 32. Rxe6+ Kd7 33. Rxg6 Nxb2 34. Rg7+ Kc6 35. Re1 Nxa4 36. Re6+ Kb5 37. Re5 Kc4 38. Rc7+ Kd3 39. Rxd5 Nxc3 40. Rdc5 Ne2+ 41. Kf2 Nxf4 42. Rc3+ Kxd4 43. R7c4+ Ke5 44. Re3+ Kd5 45. Rxf4 Rbc8 46. Rxf5+ Kd4 47. Ne6+ Kc4 48. Re4+ Kd3 49. Rd4+ Kc2 50. Rc5+ Kb3 51. Rxc8 Rxc8 52. Rxh4 Rc2+ 53. Kf3 Rc6 54. Nd4+ Kc4 55. Nxc6+ Kc5 56.
Nxa7 1-0

[Event "Live Chess"]
[Site "Chess.com"]
[Date "2024.06.02"]
[Round "-"]
[White "Ninifu"]
[Black "slava_ukr"]
[Result "1-0"]
[WhiteElo "2010"]
[BlackElo "2383"]
[TimeControl "300"]
[EndTime "4:39:51 PDT"]
[Termination "Ninifu won by resignation"]

1. d4 d5 2. e4 dxe4 3. Nc3 Nf6 4. f3 e3 5. Bxe3 e6 6. Bd3 Be7 7. Nge2 a6 8. O-O b5 9. Ng3 O-O 10. Nce4 Bb7 11. Nxf6+ Bxf6 12. Ne4 Be7 13. Qe1 Nd7 14.
Qg3 Nf6 15. Qh3 g6 16. c3 Qd5 17. Nxf6+ Bxf6 18. Be4 Qd7 19. Bxb7 Rab8 20. Be4 Bg7 21. Bh6 f5 22. Bxg7 Kxg7 23. Bc2 Rbd8 24. Rfe1 Rfe8 25. Qg3 b4 26. Qe5+ Kf7 27. Rad1 Qd6 28. Bb3 bxc3 29. bxc3 Qxe5 30. Rxe5 c6 31. Rde1 Rd6 32. Ra5 Ra8 33. Bc4 Kf6 34. Rxa6 Rb8 35. Ra7 Rb2 36. Bb3 h5 37. h4 f4 38. Re4 g5 39. hxg5+ Kxg5 40. Rxe6 Rxe6 41. Bxe6 Rc2 42. c4 Rd2 43. d5 cxd5 44.
cxd5 Kh4 45. Kh2 Kg5 46. Rf7 Rd4 47. Rf5+ Kg6 48. Re5 Ra4 49. d6 Kf6 50. d7 Ra8 51.
Rd5 Rd8 52. Bh3 h4 53. Rc5 Ke7 54. Rc8 1-0

[Event "Live Chess"]
[Site "Chess.com"]
[Date "2024.06.02"]
[Round "-"]
[White "Andriy_Yaremovych"]
[Black "Ferrarifan27"]
[Result "0-1"]
[WhiteElo "1620"]
[BlackElo "2168"]
[TimeControl "300"]
[EndTime "4:40:07 PDT"]
[Termination "Ferrarifan27 won by resignation"]

1. e4 e5 2. Nc3 Nc6 3. f4 d6 4. Nf3 Be7 5. Bc4 Bg4 6. fxe5 Nxe5 7. Be2 Nxf3+ 8. Bxf3 Bxf3 9. Qxf3 Nf6 10. d3 O-O 11.
Be3 Re8 12. O-O-O c6 13. g4 Nd7 14. h4 Ne5 15. Qh3 d5 16. exd5 cxd5 17. Bd2 Rc8 18.
Kb1 d4 19. Ne4 Qc7 20. Rc1 Qb6 21. b3 Ba3 22. Rcf1 Qc7 23. c4 dxc3 24. Bxc3 Rcd8 25. d4 Ng6 26. Ng5 f6 27. Nf3 Qxc3 0-1

[Event "Live Chess"]
[Site "Chess.com"]
[Date "2024.06.02"]
[Round "-"]
[White "StoreySniper"]
[Black "Isambard_Thomas"]
[Result "1-0"]
[WhiteElo "2503"]
[BlackElo "2195"]
[TimeControl "300"]
[EndTime "4:40:09 PDT"]
[Termination "StoreySniper won by resignation"]

1. e4 Nc6 2. d4 d5 3. e5 Bf5 4. c3 f6 5. Nf3 e6 6. Bd3 Bxd3 7. Qxd3 Be7 8. O-O f5 9. b4 Qd7 10. b5 Nd8 11. a4 c6 12. c4 h6 13. bxc6 Nxc6 14.
cxd5 Qxd5 15. Nc3 Nb4 16. Nxd5 Nxd3 17. Nc7+ Kd7 18. Nxa8 Bb4 19. Ba3 Ne7 20. Bxb4 Nxb4 21. Rab1 Rxa8 22. Rxb4 b6 23. a5 Nd5 24. Rb5 Nc3 25. Rb3 Nd5 26. axb6 axb6 27. Rfb1 Ra2 28. g3 g5 29. Rxb6 Nxb6 30. Rxb6 g4 31. Nh4 Rd2 32. Rd6+ Ke7 33. Ng6+ Kf7 34. Nf4 Rd1+ 35.
Kg2 Rd2 36. Nxe6 1-0

[Event "Live Chess"]
[Site "Chess.com"]
[Date "2024.06.02"]
[Round "-"]
[White "Pandreq"]
[Black "seasidecastle27"]
[Result "0-1"]
[WhiteElo "1234"]
[BlackElo "1948"]
[TimeControl "300"]
[EndTime "4:40:12 PDT"]
[Termination "seasidecastle27 won on time"]

1. d4 e6 2. c4 d5 3. cxd5 exd5 4. Nc3 Nf6 5. Nf3 Be7 6. Bf4 c6 7. e3 O-O 8. Bd3 Bg4 9. O-O Nbd7 10. h3 Bh5 11. Be2 Ne4 12. Nxe4 dxe4 13. Nd2 Bxe2 14. Qxe2 Nf6 15. Nc4 Nd5 16. Bg3 Nb6 17. Qc2 Qd5 18. Nd2 f5 19. Qb3 Rac8 20. Rac1 Rfd8 21. Be5 Kf8 22.
Qxd5 cxd5 23. Rxc8 Rxc8 24. Nb3 Nd7 25. Bg3 b6 26. a3 Rc2 27. Rb1 Ke8 28. f3 Nf6 29.
f4 Nh5 30. Be1 g6 31. Bc3 Re2 32. Re1 Rxe1+ 33. Bxe1 Ng7 34. Na1 Kd7 35. Nc2 a5 36. b4 a4 37. Kf2 Kc6 38. Ke2 Kb5 39. Kd2 Kc4 40. Na1 Ne8 41. Kc2 Nc7 42. Kd2 Nb5 43.
Kc2 Nxa3+ 44. Kb2 Nb5 45. Nc2 Kd3 46. Bf2 Ke2 47. Be1 h5 48. h4 Bf6 49. g3 Be7 50. Kb1 a3 51. Ka2 Kd1 52. Nxa3 Nxa3 0-1

[Event "Live Chess"]
[Site "Chess.com"]
[Date "2024.06.02"]
[Round "-"]
[White "KeithArkell"]
[Black "elis06"]
[Result "1-0"]
[WhiteElo "2428"]
[BlackElo "2325"]
[TimeControl "300"]
[EndTime "4:40:36 PDT"]
[Termination "KeithArkell won by checkmate"]

1. d4 d5 2. Nf3 Nf6 3. c4 e6 4.
cxd5 exd5 5. Nc3 c6 6. Qc2 Bd6 7. Bg5 Be6 8. e3 Nbd7 9. Bd3 h6 10. Bh4 O-O 11. Bh7+ Kh8 12. Bf5 Qe7 13. O-O a5 14.
Rfc1 b5 15. Ne2 Rac8 16. Bg3 Nb6 17. b3 Ba3 18. Rd1 Bd6 19. Bxd6 Qxd6 20. Rac1 a4 21. g3 axb3 22. axb3 Nfd7 23. Nf4 Bxf5 24. Qxf5 g6 25.
Qb1 Kg7 26. Nd3 f6 27. Nc5 Nxc5 28. Rxc5 Nd7 29. Rc2 Ra8 30. Nh4 f5 31. Rdc1 Ra6 32.
Nf3 Rfa8 33. Qb2 Re8 34. Ne5 Nxe5 35. dxe5 Qxe5 36. Qxe5+ Rxe5 37. Rxc6 Ra3 38. Rb6 Rxb3 39. Rc7+ Kf8 40. Rf6+ Ke8 41. Rxg6 Re7 42. Rc5 b4 43.
Rxd5 Rb7 44. Rxf5 Rb1+ 45. Kg2 Re7 46. Rb6 b3 47. Rfb5 Rf7 48. Rxb3 Rc1 49. Rb8+ Ke7 50. R8b7+ Kf8 51. Rxf7+ Kxf7 52. g4 Kg6 53. Rb6+ Kg7 54.
h4 Rc2 55. Kf3 Rc4 56. Kg3 Rc5 57. f4 h5 58. gxh5 Rxh5 59. e4 Rc5 60. e5 Rc3+ 61. Kg4 Rc7 62. Kg5 Kg8 63. h5 Rg7+ 64. Kf5 Kh7 65. h6 Rf7+ 66. Ke4 Rf8 67. f5 Kh8 68. Kf4 Rf7 69. Kg5 Re7 70. e6 Re8 71. Rb7 Rf8 72.
f6 Rg8+ 73. Kf5 Rf8 74. e7 Re8 75. f7 Rxe7 76. f8=Q+ Kh7 77. Rxe7# 1-0

[Event "Live Chess"]
[Site "Chess.com"]
[Date "2024.06.02"]
[Round "-"]
[White "slava_ukr"]
[Black "Colm_Buckley"]
[Result "1-0"]
[WhiteElo "2384"]
[BlackElo "1868"]
[TimeControl "300"]
[EndTime "4:41:43 PDT"]
[Termination "slava_ukr won by checkmate"]

1. e4 e6 2. d4 d5 3. exd5 exd5 4. Nf3 c6 5. Bd3 Bd6 6. O-O Ne7 7. Re1 O-O 8. Nc3 Bg4 9. Bxh7+ Kxh7 10. Ng5+ Kg6 11. Qxg4 f5 12. Qh4 Rh8 13. Re6# 1-0

[Event "Live Chess"]
[Site "Chess.com"]
[Date "2024.06.02"]
[Round "-"]
[White "JanMur7"]
[Black "defenderalist"]
[Result "1-0"]
[WhiteElo "2291"]
[BlackElo "1533"]
[TimeControl "300"]
[EndTime "4:42:15 PDT"]
[Termination "JanMur7 won by resignation"]

1. c4 e5 2. Nc3 Nf6 3. Nf3 d6 4. d4 exd4 5. Nxd4 Nc6 6. Nxc6 bxc6 7. g3 Be6 8. Bg2 Qd7 9. Qa4 d5 10. cxd5 cxd5 11. Qxd7+ Kxd7 12. Bg5 Be7 13. O-O-O c6 14. e4 h6 15. exd5 cxd5 16. Bxf6 Bxf6 17. Nxd5 Rhc8+ 18. Kb1 Bxd5 19. Bxd5 Rab8 20. Bb7+ Ke7 21. Bxc8 Rxb2+ 22. Kc1 Rxf2 23. Rhe1+ Kf8 24. Bd7 Bb2+ 25. Kb1 f6 26. Be8 Bc3 27. Bg6 1-0

[Event "Live Chess"]
[Site "Chess.com"]
[Date "2024.06.02"]
[Round "-"]
[White "elis06"]
[Black "Andriy_Yaremovych"]
[Result "1-0"]
[WhiteElo "2326"]
[BlackElo "1620"]
[TimeControl "300"]
[EndTime "4:42:16 PDT"]
[Termination "elis06 won by resignation"]

1. d4 b6 2. Nf3 Bb7 3. e3 Nf6 4. Bd3 g6 5. O-O Bg7 6. b3 d5 7. Bb2 Nc6 8. Nbd2 e6 9. c4 Qe7 10. a4 O-O-O 11. c5 Kb8 12. cxb6 axb6 13. Bb5 Na5 14.
Bc3 Ne4 15. Nxe4 dxe4 16. Nd2 f5 17. b4 Nc6 18. a5 Nxb4 19. axb6 cxb6 20. Qa4 Nd5 21.
Qa7+ Kc8 22. Rfc1 1-0

[Event "Live Chess"]
[Site "Chess.com"]
[Date "2024.06.02"]
[Round "-"]
[White "r0ad_t0-gm"]
[Black "Crowded_House"]
[Result "1-0"]
[WhiteElo "2285"]
[BlackElo "1657"]
[TimeControl "300"]
[EndTime "4:42:20 PDT"]
[Termination "r0ad_t0-gm won by checkmate"]

1. Nf3 e6 2. g3 d5 3. Bg2 c5 4.
O-O Nc6 5. d3 Nf6 6. Nbd2 Bd6 7.
e4 dxe4 8. dxe4 Ne5 9. Nxe5 Bxe5 10. Nc4 Bc7 11. Qxd8+ Kxd8 12. Rd1+ Ke7 13. e5 Nd7 14. f4 Nb6 15. Na5 Rb8 16. b3 Rd8 17. Ba3 Nd7 18. Nc4 b6 19. Rd2 Bb7 20. Rad1 Bxg2 21. Kxg2 Nf8 22.
h4 Rxd2+ 23. Rxd2 Rd8 24. h5 Rxd2+ 25. Nxd2 f6 26. Bb2 fxe5 27. fxe5 Nd7 28. Nf3 Kf7 29. Kf2 g6 30. g4 gxh5 31. gxh5 Kg7 32. Kg3 Kh6 33.
Kg4 Bd8 34. Bc1+ Kg7 35. Bf4 Nb8 36. Bg5 Bc7 37. Bf6+ Kg8 38. Ng5 Nc6 39. Kf4 Nb4 40. Nxe6 Bb8 41. h6 Nxc2 42. Ng5 Nb4 43. a4 Nd5+ 44. Kf5 Nxf6 45. exf6 a6 46. Ke6 b5 47. f7+ Kf8 48. Nxh7# 1-0

[Event "Live Chess"]
[Site "Chess.com"]
[Date "2024.06.02"]
[Round "-"]
[White "booktrunk"]
[Black "RG_ChessLegend"]
[Result "0-1"]
[WhiteElo "1488"]
[BlackElo "1517"]
[TimeControl "300"]
[EndTime "4:42:23 PDT"]
[Termination "RG_ChessLegend won by resignation"]

1. d4 Nf6 2. Nc3 g6 3. Bf4 Bg7 4. Nb5 d6 5. e3 a6 6. Nc3 O-O 7.
h3 b5 8. a3 Bb7 9. Nf3 Nbd7 10. Be2 c5 11. dxc5 Nxc5 12. O-O Rc8 13. Rb1 Qb6 14.
Na2 Rfd8 15. Nd4 e5 16. Nxb5 exf4 17. Nbc3 fxe3 18. fxe3 Nce4 19. Nxe4 Qxe3+ 20. Nf2 Qg3 21. Bf3 Bxf3 22. Qxf3 Nh5 23. Qxg3 Nxg3 24. Rfd1 Rxc2 25. Nb4 Rxb2 26. Rxb2 Bxb2 27. Nxa6 Bxa3 28. Nc7 Bc5 29. Nd5 Ne4 30. Rf1 Nxf2 31. Rxf2 Bxf2+ 32. Kxf2 f5 33. Ke3 Kf7 34. Kd4 Rd7 35. g3 h5 36. Nb6 Rd8 37.
Kd5 g5 38. Nc4 Ke7 39. Nb6 g4 40. hxg4 fxg4 41. Nc4 Kf6 42. Ne3 Kg5 43. Ke6 h4 44.
gxh4+ Kxh4 45. Nf5+ Kh3 46. Nxd6 Rxd6+ 47. Kxd6 g3 0-1

[Event "Live Chess"]
[Site "Chess.com"]
[Date "2024.06.02"]
[Round "-"]
[White "LL220284LL"]
[Black "Tilbs_12"]
[Result "1-0"]
[WhiteElo "2498"]
[BlackElo "1654"]
[TimeControl "300"]
[EndTime "4:42:45 PDT"]
[Termination "LL220284LL won by resignation"]

1. c4 c5 2. g3 Nc6 3. Bg2 g6 4. Nf3 Bg7 5. Nc3 Nf6 6. O-O O-O 7. d3 e5 8. Rb1 d6 9. a3 a5 10. Bg5 h6 11. Bxf6 Bxf6 12. Nd5 Bg7 13. b4 axb4 14. axb4 Be6 15. bxc5 Bxd5 16. cxd5 Ne7 17.
Rxb7 dxc5 18. Nd2 Nxd5 19. Ne4 Rc8 20. Qb3 Nf6 21. Nxf6+ Bxf6 22. Rc1 Rc7 23. Rb6 Bg7 24. Rxg6 c4 25. Rxc4 Rxc4 26. Qxc4 Qa5 27. Bd5 Qe1+ 28. Kg2 Qxe2 29. Qh4 Qxd3 30. Be4 Qd4 31. Rxg7+ Kxg7 32. Qg4+ Kh8 33. Qf5 1-0

[Event "Live Chess"]
[Site "Chess.com"]
[Date "2024.06.02"]
[Round "-"]
[White "IgorSchukin"]
[Black "DoctorMantisTobogganMD"]
[Result "0-1"]
[WhiteElo "1768"]
[BlackElo "2179"]
[TimeControl "300"]
[EndTime "4:42:53 PDT"]
[Termination "DoctorMantisTobogganMD won by checkmate"]

1. e4 d5 2. exd5 Nf6 3. Nc3 Nxd5 4. g3 Nxc3 5. bxc3 c6 6. Bg2 g6 7. Ne2 Bg7 8. d4 O-O 9. O-O Bg4 10. h3 Bxe2 11. Qxe2 e6 12. Re1 Nd7 13. a4 Qa5 14. Bd2 Qc7 15. a5 Rac8 16. Bf4 Qd8 17. Reb1 b6 18. axb6 axb6 19. Ra7 c5 20. Qb5 Nf6 21. Qxb6 Qxb6 22. Rxb6 cxd4 23. Rc7 dxc3 24. Bb7 Rxc7 25. Bxc7 Nd5 26. Bxd5 exd5 27. Rb8 Rxb8 28. Bxb8 f5 29. f4 Kf7 30. Kf2 Ke6 31. Ke3 d4+ 32. Kd3 Kd5 33.
g4 fxg4 34. hxg4 h5 35. gxh5 gxh5 36. Bc7 h4 37. f5 Be5 38. Bd8 h3 39. f6 h2 40. f7 Bg7 41. Bb6 h1=Q 42. Bxd4 Qe4+ 43. Kxc3 Qxd4+ 44. Kb3 Qc4+ 45. Ka3 Kc5 46. f8=Q+ Bxf8 47. Kb2 Kb4 48. Kb1 Qc3 49. Ka2 Bg7 50. Kb1 Qb2# 0-1

[Event "Live Chess"]
[Site "Chess.com"]
[Date "2024.06.02"]
[Round "-"]
[White "ProfPoisson"]
[Black "missedJariChance"]
[Result "0-1"]
[WhiteElo "1326"]
[BlackElo "1361"]
[TimeControl "300"]
[EndTime "4:43:23 PDT"]
[Termination "missedJariChance won by resignation"]

1. e4 c5 2. Nc3 e6 3. f4 Nc6 4.
Nf3 a6 5. a4 Qc7 6. Bc4 Nf6 7.
d3 Be7 8. O-O O-O 9. Qe1 d5 10.
exd5 exd5 11. Bxd5 Re8 12. Bxc6 Qxc6 13. Qg3 Bf5 14.
Ne5 Qd6 15. Ne4 Nxe4 16. dxe4 Bxe4 17. b3 Bxc2 18. Bb2 Bg6 19. Nxg6 fxg6 20. Rad1 Qe6 21.
Rfe1 Qf5 22. Re5 Qc2 23. Rxe7 Qxd1+ 24. Re1 Rxe1+ 0-1

[Event "Live Chess"]
[Site "Chess.com"]
[Date "2024.06.02"]
[Round "-"]
[White "JanMur7"]
[Black "booktrunk"]
[Result "1-0"]
[WhiteElo "2291"]
[BlackElo "1488"]
[TimeControl "300"]
[EndTime "4:43:31 PDT"]
[Termination "JanMur7 won by resignation"]

1. d4 e6 2. e4 d5 3. exd5 Qxd5 4. Bd3 Nc6 5. Nf3 Nxd4 6. Nxd4 Qxd4 7. Bb5+ c6 8. Qxd4 Nf6 9. Bd3 Ne4 10. Qxe4 Be7 11. O-O 1-0

[Event "Live Chess"]
[Site "Chess.com"]
[Date "2024.06.02"]
[Round "-"]
[White "Grace6363"]
[Black "upoe610"]
[Result "0-1"]
[WhiteElo "1150"]
[BlackElo "2141"]
[TimeControl "300"]
[EndTime "4:43:32 PDT"]
[Termination "upoe610 won by resignation"]

1. d4 Nf6 2. c4 e6 3. Nf3 d5 4.
cxd5 exd5 5. a3 Bf5 6. Bg5 Be7 7. Nc3 h6 8. Bh4 O-O 9. e3 a6 10. Bd3 Ne4 11. Bxe7 Qxe7 12. Ne5 Nxc3 13. bxc3 Bxd3 14. Qxd3 c6 15. Qe2 Nd7 16. f4 Nf6 17. Qd3 Ne4 18.
O-O Rae8 19. Rf3 Qd6 20. Raf1 Qxa3 21. f5 Qxc3 22. Qxc3 Nxc3 23. Nd7 a5 24. Nxf8 Kxf8 25. e4 Nxe4 26. Ra3 Ra8 27. g4 Nd2 28. Rc1 Nc4 29.
Ra4 b5 30. Raa1 a4 31. Kf2 a3 32. Rc2 b4 33. Ke2 b3 34. Rc3 b2 35. Rb1 a2 0-1

[Event "Live Chess"]
[Site "Chess.com"]
[Date "2024.06.02"]
[Round "-"]
[White "Hoogleboogle"]
[Black "AlanBstard10"]
[Result "0-1"]
[WhiteElo "1265"]
[BlackElo "1235"]
[TimeControl "300"]
[EndTime "4:43:40 PDT"]
[Termination "AlanBstard10 won by resignation"]

1. d4 Nf6 2. c4 c5 3. d5 b5 4. e3 g6 5. Nc3 Bg7 6. Nf3 O-O 7. a3 d6 8. Ng5 Nbd7 9. e4 h6 10. Nf3 b4 11. axb4 cxb4 12. Nb5 a6 13. Nbd4 Nb6 14. Nc6 Qc7 15. b3 Nbd7 16. Nxb4 Rb8 17. Nc6 Rb6 18. Be3 Kh7 19. Bxb6 Qxb6 20. Bd3 Nc5 21. Ra3 Nxd3+ 22. Ke2 Nf4+ 23. Ke1 Nxg2+ 24. Kf1 Nf4 25. Rg1 Nh3 26. Rg3 Nf4 27. Ng5+ Kg8 28. Nxe7+ Kh8 29. Rf3 Qb4 30. Ra4 Qb7 31. Rxf4 Qxe7 32. Qd3 Re8 33. Qh3 Bxh3+ 34. Ke2 hxg5 35. Rf3 Bg4 0-1

[Event "Live Chess"]
[Site "Chess.com"]
[Date "2024.06.02"]
[Round "-"]
[White "friarnator"]
[Black "GwaryTek"]
[Result "1-0"]
[WhiteElo "2196"]
[BlackElo "1826"]
[TimeControl "300"]
[EndTime "4:43:43 PDT"]
[Termination "friarnator won on time"]

1. d4 Nf6 2. Nc3 d5 3. Bf4 c6 4.
e3 Bg4 5. f3 Bh5 6. g4 Bg6 7. h4 h6 8. Bd3 Bxd3 9. Qxd3 Nbd7 10. Nge2 Qb6 11. O-O-O e6 12. g5 hxg5 13. hxg5 Rxh1 14.
Rxh1 Ng8 15. g6 f6 16. e4 Ne7 17. exd5 cxd5 18. Nb5 e5 19. dxe5 fxe5 20. Bg5 Nc5 21. Qe3 Qxb5 22. Qxe5 O-O-O 23. Bxe7 Bxe7 24. Qxe7 Re8 25. Qxg7 Qxe2 26. b3 Qxf3 27. Rh7 Nd3+ 28. cxd3 Re1+ 29.
Kb2 Qf2+ 30. Kc3 Rc1+ 31. Kb4 Qc5+ 32. Ka4 1-0

[Event "Live Chess"]
[Site "Chess.com"]
[Date "2024.06.02"]
[Round "-"]
[White "Bradfield133"]
[Black "road2gm5000"]
[Result "1-0"]
[WhiteElo "1844"]
[BlackElo "1103"]
[TimeControl "300"]
[EndTime "4:43:53 PDT"]
[Termination "Bradfield133 won by resignation"]

1. c4 e5 2. g3 Nc6 3. Bg2 f5 4. Nc3 Bb4 5. Qc2 d6 6. e3 Nf6 7. Nge2 Qe7 8. O-O Be6 9. Nd5 Bxd5 10. cxd5 Nd8 11. Qa4+ c6 12. Qxb4 O-O 13. dxc6 Nxc6 14. Qb3+ Kh8 15. d3 Qf7 16. Qxf7 Rxf7 17. a3 Rc8 18. Bd2 b6 19. Rac1 Rfc7 20. Rc3 Ne7 21. Rfc1 Rxc3 22. Rxc3 Rxc3 23. Bxc3 Ned5 24. Bxd5 Nxd5 25.
d4 e4 26. Nf4 1-0

[Event "Live Chess"]
[Site "Chess.com"]
[Date "2024.06.02"]
[Round "-"]
[White "uselessduffer"]
[Black "matt1979"]
[Result "1-0"]
[WhiteElo "2351"]
[BlackElo "1413"]
[TimeControl "300"]
[EndTime "4:43:56 PDT"]
[Termination "uselessduffer won by resignation"]

1. e4 d6 2. d4 Nf6 3. Nc3 Nbd7 4. g4 h6 5. h3 e5 6. Nge2 Be7 7. Bg2 c6 8. Be3 Qc7 9. Qd2 b6 10. a4 a5 11. Ng3 Nf8 12. Nf5 Bxf5 13. exf5 O-O-O 14. O-O d5 15. dxe5 N6d7 16. f4 Nc5 17. Qd4 Nfd7 18.
Rab1 g6 19. f6 Bf8 20. Qd2 Ne6 21. Ne2 Bc5 22. c3 Bxe3+ 23. Qxe3 Ndc5 24. b4 axb4 25. cxb4 Nb7 26. a5 b5 27. Rfc1 Rd7 28. Ra1 Nbd8 29. a6 Qa7 30. Qxa7 Rxa7 31. Bxd5 Nc7 32. Bxc6 Nxc6 33. Rxc6 Kd7 34. Rd6+ Kc8 35. Nd4 Rd8 36. Rxd8+ Kxd8 37. Nc6+ Kc8 38. Nxa7+ Kb8 39. Nc6+ Ka8 40. a7 Kb7 41. Rd1 Kxc6 42. Rc1+ Kb7 43. Rxc7+ Kxc7 44. a8=Q 1-0

[Event "Live Chess"]
[Site "Chess.com"]
[Date "2024.06.02"]
[Round "-"]
[White "Queensandpawns"]
[Black "ACM42"]
[Result "0-1"]
[WhiteElo "2249"]
[BlackElo "2185"]
[TimeControl "300"]
[EndTime "4:44:02 PDT"]
[Termination "ACM42 won by checkmate"]

1. d4 Nf6 2. Nc3 d5 3. Bf4 g6 4.
e3 Bg7 5. h4 h5 6. Nf3 Nbd7 7.
Ne5 c6 8. Bd3 Nxe5 9. dxe5 Ng8 10. Qf3 Nh6 11. O-O-O Ng4 12. Qg3 Be6 13. f3 Nh6 14. e4 d4 15. Ne2 c5 16. Bb5+ Kf8 17. Bd2 Qb6 18. Ba4 c4 19. Nf4 c3 20. Nxe6+ Qxe6 21. bxc3 Qxa2 22. Bxh6 Bxh6+ 23. f4 Qa1+ 24. Kd2 dxc3+ 25.
Ke2 Qxa4 26. Qxc3 Qxe4+ 27. Kf2 Qxf4+ 28. Qf3 Qxf3+ 29. gxf3 Kg7 30. Rd7 Rac8 31. Rxb7 Rxc2+ 32. Kg3 a5 33. f4 Rc3+ 34. Kh2 Bxf4+ 35. Kg2 Rd8 36. e6 Rd2+ 37. Kg1 Rc1# 0-1

[Event "Live Chess"]
[Site "Chess.com"]
[Date "2024.06.02"]
[Round "-"]
[White "Zhevzh1k7"]
[Black "McFim"]
[Result "0-1"]
[WhiteElo "1106"]
[BlackElo "1721"]
[TimeControl "300"]
[EndTime "4:44:26 PDT"]
[Termination "McFim won by checkmate"]

1. e4 c6 2. d4 d5 3. f3 dxe4 4. fxe4 e5 5. Nf3 Bg4 6. Be3 Nf6 7. Nc3 Bb4 8. dxe5 Qxd1+ 9. Rxd1 Nxe4 10. Bd2 Nxd2 11. Kxd2 Nd7 12. a3 Ba5 13. b4 Bc7 14. h3 Be6 15. Re1 O-O-O 16. Bd3 h6 17. g4 Rhe8 18. Nd4 Nxe5 19. Nxe6 Rxe6 20. Rhf1 Nc4+ 21. Kc1 Rxe1+ 22. Rxe1 Bf4+ 23. Kb1 Nxa3+ 24. Ka2 Bd2 25. Re7 Bxc3 26. Kxa3 Rf8 27. Bf5+ Kb8 28. Kb3 Bf6 29. Rd7 a6 30. c4 Bd8 31. Ka4 Bc7 32. b5 axb5+ 33. cxb5 cxb5+ 34. Kxb5 g6 35. Be4 f5 36. gxf5 gxf5 37. Bf3 f4 38. Rd4 Rf5+ 39. Kc4 Rf6 40. Rd5 Rc6+ 41. Rc5 Rxc5+ 42. Kxc5 b6+ 43. Kc6 Bd8 44. Kb5 Kc7 45. Kc4 Kd6 46. Kd4 Bg5 47. Kc4 Bf6 48. Kb5 Bd4 49. h4 Ke5 50. h5 Kf5 51. Kc4 Be3 52. Kb5 Kg5 53. Kc6 Kh4 54.
Kd5 Kg3 55. Bd1 f3 56. Bxf3 Kxf3 57. Kc4 Kg4 58. Kb5 Bc5 59. Kc4 Kxh5 60. Kd3 Kg4 61. Kc4 Kg3 62. Kb5 h5 63. Kc6 h4 64. Kb5 h3 65.
Kc6 h2 66. Kb5 h1=Q 67. Ka6 Qh6 68. Kb7 b5 69. Kc7 Qg7+ 70. Kc6 Bg1 71. Kxb5 Qd4 72. Kc6 Qc5+ 73. Kd7 Qb6 74. Ke7 Qc6 75. Kf7 Kf4 76. Ke7 Kf5 77. Kf7 Qd7+ 78. Kf8 Kf6 79. Kg8 Qg7# 0-1

[Event "Live Chess"]
[Site "Chess.com"]
[Date "2024.06.02"]
[Round "-"]
[White "blunderabit"]
[Black "FlyingChessKestrel13"]
[Result "1-0"]
[WhiteElo "1774"]
[BlackElo "2076"]
[TimeControl "300"]
[EndTime "4:44:32 PDT"]
[Termination "blunderabit won by resignation"]

1. e4 e5 2. Nf3 Nf6 3. d4 exd4 4. e5 Nd5 5. Qxd4 Nb6 6. Nc3 Nc6 7. Qf4 Be7 8. Bd3 d6 9. exd6 Qxd6 10. Nb5 Qxf4 11.
Bxf4 Nd5 12. Nxc7+ Nxc7 13. Bxc7 O-O 14. O-O Bf6 15. c3 Bg4 16. Be4 Rfe8 17. Rfe1 Rac8 18. Bf4 Re7 19. h3 Bh5 20. g4 Bg6 21. Bxg6 hxg6 22. Rxe7 Nxe7 23. Rd1 Nc6 24. Rd7 b6 25. Kf1 Kf8 26.
g5 Ke8 27. Rb7 Be7 28. h4 Bc5 29. Ne5 Nxe5 30. Bxe5 a5 31. Bxg7 Rd8 32. Bf6 Rd2 33. Rb8+ Kd7 34. Rd8+ 1-0

[Event "Live Chess"]
[Site "Chess.com"]
[Date "2024.06.02"]
[Round "-"]
[White "kylet1990"]
[Black "KeithArkell"]
[Result "0-1"]
[WhiteElo "750"]
[BlackElo "2428"]
[TimeControl "300"]
[EndTime "4:44:38 PDT"]
[Termination "KeithArkell won by resignation"]

1. e4 c6 2. Nc3 d5 3. exd5 cxd5 4.
Nf3 Nf6 5. d4 Nc6 6. Bf4 Bg4 7.
h3 Bxf3 8. Qxf3 e6 9. Bd3 Nxd4 10. Qd1 Nc6 11. O-O Bd6 12. Bxd6 Qxd6 13. Nb5 Qd7 14. c4 O-O 15. cxd5 Nxd5 16. Qc2 g6 17. Rfe1 Ncb4 18. Qc4 Rac8 19. Qd4 Nxd3 20. Qxd3 a6 21. Nc3 Rfd8 22. Nxd5 Qxd5 23. Qxd5 Rxd5 24. Red1 Rxd1+ 25.
Rxd1 Rc2 26. Rd7 Rxb2 27. a3 Kg7 28. f4 h6 29. g4 Rb3 30. a4 Rxh3 31. Kg2 Ra3 32.
Rxb7 Rxa4 33. Kg3 Ra3+ 34. Kh4 Rf3 35. g5 Rxf4+ 36. Kg3 hxg5 37. Ra7 Ra4 38. Rd7 Kf6 0-1

[Event "Live Chess"]
[Site "Chess.com"]
[Date "2024.06.02"]
[Round "-"]
[White "CarmelJane"]
[Black "RichardABates"]
[Result "0-1"]
[WhiteElo "2033"]
[BlackElo "2337"]
[TimeControl "300"]
[EndTime "4:44:45 PDT"]
[Termination "RichardABates won by resignation"]

1. e4 c5 2. Nf3 d6 3. c3 Nf6 4. Be2 Bd7 5. e5 dxe5 6. Nxe5 Nc6 7. Nxd7 Qxd7 8. O-O e6 9. Bf3 Bd6 10. Na3 Ne5 11.
Be2 h5 12. d4 cxd4 13. cxd4 Nc6 14. Be3 Ng4 15. g3 Nf6 16. Bf3 h4 17. Bg5 hxg3 18.
fxg3 Be7 19. Rc1 Nxd4 20. Bg2 O-O 21. Nc4 Rad8 22. Ne5 Qb5 23. Nc4 Qxg5 0-1

[Event "Live Chess"]
[Site "Chess.com"]
[Date "2024.06.02"]
[Round "-"]
[White "JohanKjeldahl"]
[Black "lateforthesky"]
[Result "1-0"]
[WhiteElo "1794"]
[BlackElo "2041"]
[TimeControl "300"]
[EndTime "4:44:47 PDT"]
[Termination "JohanKjeldahl won on time"]

1. c4 g6 2. d4 Bg7 3. Nc3 d6 4. e4 Nf6 5. f3 O-O 6. Be3 a6 7. Qd2 Nc6 8. Bd3 e5 9. d5 Nd4 10. Nge2 Nd7 11. O-O-O Nc5 12. h4 Nxd3+ 13. Qxd3 f5 14.
Nxd4 exd4 15. Bxd4 fxe4 16. Nxe4 Bf5 17. Bxg7 Kxg7 18.
Qd4+ Kg8 19. h5 Bxe4 20. Qxe4 Qg5+ 21. Kb1 Rae8 22. Qc2 gxh5 23. g4 h4 24. Rdg1 Rxf3 25. a3 Rfe3 26. Rh2 Re1+ 27. Rxe1 Rxe1+ 28. Ka2 Rg1 29. Qe2 Rxg4 30. Qe6+ Kg7 31. Rf2 Rf4 32. Qd7+ Kh6 33.
Re2 Rf6 34. Qxc7 Qg4 35. Re7 Qf5 36. Qd8 h3 37. Re2 Rg6 38. Qh4+ Qh5 39. Qf4+ Qg5 40.
Qf8+ Kh5 41. Qf3+ Qg4 42. Qf2 Qxc4+ 43. b3 Qxe2+ 44. Qxe2+ Kh4 45. Qe4+ Rg4 46. Qxh7+ Kg3 47. Qd3+ Kh2 48. Qf3 Rg2+ 49. Kb1 Rg1+ 50. Kc2 Rg2+ 51. Kd1 Rg3 52. Qf4 Kg2 53. Ke1 Rf3 54. Qg4+ Rg3 55. Qe2+ Kh1 56. Qe4+ Rg2 57. Kf1 Kh2 58. Qf4+ Kh1 59. Qxd6 Ra2 60. Qg3 Ra1+ 61. Kf2 Ra2+ 62.
Kf3 1-0

[Event "Live Chess"]
[Site "Chess.com"]
[Date "2024.06.02"]
[Round "-"]
[White "PureDashingOctopus"]
[Black "NeilDruggan73"]
[Result "1-0"]
[WhiteElo "2276"]
[BlackElo "1707"]
[TimeControl "300"]
[EndTime "4:44:56 PDT"]
[Termination "PureDashingOctopus won by resignation"]

1. e4 d6 2. d4 Nf6 3. Nc3 g6 4. f3 Bg7 5. Be3 c6 6. Qd2 b5 7. O-O-O Qa5 8. Kb1 Nbd7 9. g4 Nb6 10. h4 h5 11. g5 Nfd7 12. f4 Bb7 13. Nf3 Nc4 14. Bxc4 bxc4 15. f5 O-O-O 16. Nd5 Qxd2 17. Nxe7+ Kb8 18.
Rxd2 Rhe8 19. f6 Nxf6 20. gxf6 Bxf6 21. Nxg6 fxg6 22. Bg5 Bxg5 23. Nxg5 c5 24. d5 Bc8 25.
Rf1 Rf8 26. Rdf2 Rxf2 27. Rxf2 Rg8 28. Rf6 Kc7 29. Rf7+ Kb6 30. a4 a5 31. Rf6 Kc7 32. Nf7 Rf8 33. Nxd6 Rxf6 34. Ne8+ Kd7 35. Nxf6+ Kd6 36.
c3 Ke7 37. e5 Bg4 38. Kc2 Bf3 39. Kd2 Bg4 40. Nxg4 hxg4 41. Ke3 g3 42. Kf3 g2 43. Kxg2 g5 44. hxg5 Kf7 45. Kg3 Kg6 46. d6 Kf5 47. d7 Kxe5 48. d8=Q Ke4 49. g6 Ke3 50. g7 1-0